Description

Mech is coming soon!

Replay - AiLillekanin v SortOf: Game 1 - Galactic Process LE

Build Order

Get SALT Encoding   

  12  0:00  SCV  
  13  0:12  SCV  
  14  0:17  Supply Depot  
  14  0:25  SCV  
  15  0:29  Refinery  
  15  0:39  SCV  
  16  0:45  Barracks  
  16  0:51  SCV  
  17  1:03  SCV  
  18  1:15  SCV  
  19  1:32  Reaper  
  21  1:33  Orbital Command  
  20  1:49  Command Center  
  20  2:00  SCV  
  21  2:01  Factory  
  22  2:12  SCV  
  23  2:19  Supply Depot  
  23  2:21  Barracks Reactor  
  22  2:24  SCV  
  23  2:40  SCV  
  24  2:48  Starport  
  24  2:53  SCV  
  24  2:56  Refinery  
  24  3:04  Orbital Command  
  24  3:05  SCV  
  25  3:09  Barracks Tech Lab  
  25  3:10  Supply Depot  
  25  3:11  Hellion x2  
  29  3:17  SCV  
  30  3:29  SCV  
  30  3:31  SCV  
  32  3:40  Banshee  
  32  3:41  SCV  
  36  3:44  SCV  
  36  3:47  Hellion x2  
  41  3:52  Cloaking Field  
  41  3:53  SCV  
  42  3:56  SCV  
  43  4:04  Refinery  
  43  4:05  SCV  
  43  4:08  SCV  
  44  4:11  Marine  
  44  4:15  Supply Depot  
  45  4:17  SCV  
  45  4:20  SCV  
  45  4:23  Viking  
  49  4:29  SCV  
  49  4:31  Command Center  
  50  4:32  SCV  
  50  4:35  Bunker  
  51  4:41  SCV  
  51  4:43  Factory  
  51  4:44  SCV  
  53  4:51  Refinery, Barracks Tech Lab  
  53  4:53  Medivac, SCV  
  53  4:56  SCV  
  57  5:05  Armory  
  57  5:06  SCV  
  58  5:08  SCV  
  59  5:18  SCV  
  59  5:20  Armory, SCV  
  61  5:30  Factory, SCV  
  62  5:38  Banshee, SCV  
  62  5:42  SCV  
  67  5:43  Orbital Command  
  67  5:46  Siege Tank  
  67  5:50  SCV  
  67  5:54  SCV  
  69  5:59  Supply Depot  
  69  6:00  Supply Depot  
  69  6:01  Supply Depot  
  69  6:02  Orbital Command, SCV  
  69  6:04  Factory  
  70  6:06  SCV  
  70  6:08  Barracks Tech Lab  
  70  6:11  Factory  
  71  6:14  SCV  
  72  6:18  Factory Tech Lab, SCV  
  72  6:25  Terran Vehicle Weapons Level 1  
  73  6:26  Terran Vehicle And Ship Armor Level 1  
  73  6:27  SCV  
  73  6:29  SCV  
  73  6:30  SCV  
  78  6:33  Hellion x2  
  78  6:39  SCV  
  81  6:41  SCV  
  81  6:42  SCV  
  81  6:44  Hellion x2  
  85  6:51  SCV  
  86  6:56  SCV  
  85  7:04  SCV  
  85  7:05  Siege Tank x2  
  88  7:09  Factory Tech Lab  
  88  7:10  SCV x2  
  88  7:14  Refinery  
  88  7:15  Refinery  
  90  7:16  SCV  
  90  7:18  Hellion  
  90  7:19  Hellion  
  95  7:22  SCV  
  95  7:23  SCV  
  95  7:28  SCV  
  98  7:33  Cyclone x2  
  98  7:35  SCV  
  107  7:38  SCV  
  107  7:41  Supply Depot  
  107  7:42  Supply Depot  
  107  7:43  Supply Depot  
  108  7:48  Mag-Field Accelerator  
  108  7:49  Command Center  
  108  7:50  SCV  
  109  7:52  Siege Tank  
  108  8:00  Banshee  
  108  8:01  Engineering Bay  
  108  8:02  Supply Depot x2  
  108  8:03  SCV  
  110  8:07  Cyclone x2  
  110  8:10  SCV  
  110  8:11  Supply Depot  
  110  8:12  Supply Depot  
  119  8:14  Infernal Pre-Igniter  
  119  8:15  Hellion  
  119  8:19  Cyclone  
  125  8:27  Siege Tank, Hellion  
  125  8:32  Supply Depot  
  130  8:36  Hellion  
  130  8:39  Cyclone  
  136  8:43  Banshee  
  136  8:45  Missile Turret  
  136  8:47  Missile Turret  
  136  8:48  Missile Turret  
  139  8:51  Missile Turret  
  139  8:52  Sensor Tower  
  139  8:54  Cyclone x2  
  144  9:04  Missile Turret, Hellion x2  
  148  9:12  Terran Vehicle Weapons Level 2  
  148  9:19  Cyclone x2  
  156  9:26  Hellion x2  
  156  9:29  Terran Vehicle And Ship Armor Level 2, Hellion x2  
  164  9:45  Supply Depot x2  
  164  9:47  Hellion x2  
  164  9:48  Supply Depot  
  164  9:50  Siege Tank  
  171  9:53  Thor  
  171  9:54  Hellion  
  171  9:55  Hellion  
  171  9:57  Supply Depot  
Spawning Tool Build Advisor. Get it on Overwolf

Go to:

Details

  • Created by: PeterLiu
  • Published on: Sep 06, 2016
  • Modified on: Sep 06, 2016
  • Patch: Pre-3.8.0
Show
View Real Time Build Order
Export as new Build Order

Comments (0)

There are no comments. Be the first!

Create an account to comment!